 Dungeon Crawl Stone Soup version 0.26-a0-215-g1b87330c0f (webtiles) character file.

Game seed: 14464910389124348036

47 BritishOli the Slasher (level 3, -1/28 HPs)
             Began as a Demonspawn Gladiator on July 6, 2020.
             Slain by an adder (2 damage)
             ... on level 2 of the Dungeon.
             The game lasted 00:01:46 (1306 turns).

BritishOli the Slasher (Demonspawn Gladiator)       Turns: 1306, Time: 00:01:47

Health: -1/28      AC:  9    Str: 15    XL:     3   Next: 48%
Magic:  12/12      EV:  7    Int:  9    God:
Gold:   42         SH:  0    Dex: 14    Spells: 2/2 levels left

rFire    . . .     SeeInvis .   a - +0 long sword
rCold    . . .     Faith    .   (no shield)
rNeg     . . .     Spirit   .   i - +0 chain mail
rPois    .         Reflect  .   c - +0 helmet
rElec    .         Harm     .   (no cloak)
rCorr    .                      (no gloves)
MR       .....                  (no boots)
Stlth    ..........             (no amulet)
HPRegen  0.09/turn              g - ring of magical power
MPRegen  0.13/turn              (no ring)

@: lethally poisoned (-1 -> -10)
A: demonic guardian 1, rot immunity
a: no special abilities


You were on level 2 of the Dungeon.
You were not hungry.

You visited 1 branch of the dungeon, and saw 2 of its levels.

You collected 42 gold pieces.

Inventory:

Hand Weapons
 a - a +0 long sword (weapon)
Missiles
 d - 3 throwing nets (quivered)
Armour
 c - a +0 helmet (worn)
 i - a +0 chain mail (worn)
Jewellery
 b - an uncursed amulet of faith {unknown}
 g - a ring of magical power (left hand)
Scrolls
 e - 2 scrolls of remove curse {unknown}
Comestibles
 f - a ration


   Skills:
 + Level 2.5 Fighting
 * Level 3.2 Long Blades
 - Level 2.0 Throwing
 + Level 1.0 Armour
 + Level 3.0 Dodging


You had 2 spell levels left.
You didn't know any spells.
Your spell library was empty.

Dungeon Overview and Level Annotations

Branches:
Dungeon (2/15)

Altars:


Innate Abilities, Weirdness & Mutations

A weak demonic guardian rushes to your aid.
You are immune to rotting.


Message History

The jackal bites you but does no damage.
You aren't carrying any potions.
You hit the adder.
The adder is lightly wounded.
The adder barely misses you.
The jackal bites you but does no damage.
You miss the adder.
The adder is lightly wounded.
* * * LOW HITPOINT WARNING * * *
You feel sick. The jackal barely misses you.
You riposte.
You hit the jackal.
You kill the jackal!
The adder bites you but does no damage. The adder bites you.
* * * LOW HITPOINT WARNING * * *
You are more poisoned.
The adder poisons you!
You miss the adder.
The adder is lightly wounded.
* * * LOW HITPOINT WARNING * * *
You feel sick. The adder bites you but does no damage. The adder bites you.
You die...

. )..... .##..#...
........ .. #.
#.....# ...#.#.#
#.....# ...#.#.#
#.....# ....#.#
#.....# ##....#
#S†...# #.....#
#@†...#
#.....###.....#
#.........#
.###.###.........#
.......)...†.....#
.....###.....#####
... #.....# .
#.....# ###'###


You could see an adder.

Vanquished Creatures
  An ooze (D:1)
  A leopard gecko (D:1)
  5 bats
  2 giant cockroaches (D:1)
  4 goblins
  5 hobgoblins (D:1)
  7 jackals
  4 frilled lizards
  5 kobolds
  3 rats (D:1)
37 creatures vanquished.

Notes
Turn   | Place    | Note
-------+----------+-------------------------------------------
     0 | D:1      | BritishOli the Demonspawn Gladiator began the quest for the
                  | Orb.
     0 | D:1      | Reached XP level 1. HP: 16/16 MP: 1/1
   141 | D:1      | Gained mutation: You are immune to rotting. [demonic
                  | ancestry]
   141 | D:1      | Reached XP level 2. HP: 22/22 MP: 2/2
   694 | D:1      | Gained mutation: A weak demonic guardian rushes to your
                  | aid. [demonic ancestry]
   694 | D:1      | Reached XP level 3. HP: 22/28 MP: 3/3
  1271 | D:2      | Reached skill level 1 in Armour
  1306 | D:2      | HP: 1/28 [poisoned by an adder]
  1306 | D:2      | Slain by an adder

Illustrated notes

Levels and vault maps discovered:
D:1:      dpeg_arrival_tiny_f, layout_basic, serial_bayou_ford_a
D:2:      layout_basic

Skill      XL: |  1  2  3 |
---------------+----------+-----
Throwing       | 2 |  2.0
Long Blades    | 3 |  3.2
Dodging        | 3 |  3.0
Armour         | 1 |  1.0
Fighting       | |  2.5

Action                   || total
-------------------------++-------
Melee: Long sword        ||   103
  Use: Potion            ||     2
  Eat: Ration            ||     1
Armor: Leather armour    ||    25
       Chain mail        ||    71
Dodge: Dodged            ||    86
       Rpst.: Long sword ||    24

Table legend:
 A = Non-vault XP
 B = Vault XP
 C = Vault XP percentage of total XP
 D = Non-vault monster count
 E = Vault monster count
 F = Vault count percentage of total count
                 A         B        C        D         E       F
            +---------+---------+-------+---------+---------+-------
      Total |      68 |       0 |   0.0 |      37 |       0 |   0.0
            +---------+---------+-------+---------+---------+-------
        D:1 |      52 |       0 |   0.0 |      28 |       0 |   0.0
        D:2 |      16 |       0 |   0.0 |       9 |       0 |   0.0
            +---------+---------+-------+---------+---------+-------
